 Dungeon Crawl Stone Soup version 0.19.1 (webtiles) character file.

25 ChaseSP the Ruffian (level 2, -4/23 HPs)
             Began as a Draconian Transmuter on Nov 29, 2016.
             Slain by a hound (6 damage)
             ... on level 1 of the Dungeon.
             The game lasted 00:01:58 (762 turns).

ChaseSP the Ruffian (Draconian Transmuter)           Turns: 762, Time: 00:01:59

Health: -4/23      AC:  4    Str: 12    XL:     2   Next: 82%
Magic:  4/5        EV: 12    Int: 13    God:
Gold:   30         SH:  0    Dex: 11    Spells: 1 memorised, 4 levels left

rFire  . . .     SeeInvis .       - Unarmed
rCold  . . .     Gourm    .     (armour unavailable)
rNeg   . . .     Faith    .     (no shield)
rPois  .         Spirit   .     (helmet restricted)
rElec  .         Reflect  .     (no cloak)
rCorr  .         Harm     .     (no gloves)
MR     .....                    (boots currently unavailable)
Stlth  +.........               h - amulet of inaccuracy (curse)
                                (no ring)
                                (no ring)

@: appendage (expiring)
A: unfitting armour, talons 3, cold-blooded, AC +4
a: End Transformation


You were on level 1 of the Dungeon.
You were not hungry.
You had grown temporary talons.
You visited 1 branch of the dungeon, and saw 1 of its levels.

You collected 30 gold pieces.

Inventory:

Missiles
 a - 35 arrows
Jewellery
 h - a cursed amulet of inaccuracy (around neck)
Scrolls
 d - a scroll of teleportation
 e - a scroll of identify {unknown}
Potions
 f - a potion of berserk rage {unknown}
 g - a potion of lignification {unknown}
Books
 b - a book of Changes

   Spells                             Type                      Level
   a - Beastly Appendage              Transmutation                1
   b - Sticks to Snakes               Transmutation                2
   c - Spider Form                    Transmutation/Poison         3
   d - Ice Form                       Ice/Transmutation            4
   e - Blade Hands                    Transmutation                5
Comestibles
 c - 3 bread rations
 i - a meat ration
 j - a chunk of flesh


   Skills:
 - Level 1.1 Fighting
 - Level 1.7 Dodging
 * Level 3.9 Unarmed Combat
 - Level 2.0 Spellcasting
 + Level 2.3 Transmutations


You had 4 spell levels left.
You knew the following spells:

 Your Spells              Type           Power        Failure   Level  Hunger
a - Beastly Appendage     Tmut           #.....       12%         1    ##.....


Dungeon Overview and Level Annotations

Branches:
Dungeon (1/15)

Altars:


Innate Abilities, Weirdness & Mutations

Your plain brown scales are hard. (AC +4)
You cannot fit into any form of body armour.
You are cold-blooded and may be slowed by cold attacks.
You have claws for feet.


Message History

* * * LOW HITPOINT WARNING * * *
You barely miss the hound. Your kick misses the hound.
The hound is severely wounded.
Your transformation is almost over.
The hound barely misses you.
You barely miss the hound. Your kick misses the hound. You tail-slap the hound.
The hound is almost dead.
The hound misses you.
Your magical contamination has completely faded away.
You closely miss the hound. Your kick misses the hound.
You tail-slap the hound.
The hound is almost dead.
The hound misses you. The hound closely misses you.
You barely miss the hound. Your kick misses the hound.
The hound is almost dead.
The hound bites you but does no damage.
You closely miss the hound.
The hound is almost dead.
The hound bites you.
You die...

..# .....##.###.## #.## ..#
#...............# #... ..#
#####....#####.###..# ####
..#####....#.... ###.# .#
...........#.... ##...# .#
...........#.... #...##
###'###.+#......##...######.
#≈≈.≈≈##.......h............
≈..P..≈##.......@..).##.###.
.P.8.P.≈#.##########........
...b...≈#... #..........#.##
P.....P.+..# #..........# ..
...⌠...≈#.## #..........# .
.P.8.P.≈#.# #..........###
≈..P..≈##.## #............ #
#≈≈.≈≈##.... ...........####
.# ###'###.####
#.............####..


You could see a hound.

Vanquished Creatures
  A dart slug (D:1)
  A giant cockroach (D:1)
  3 hobgoblins (D:1)
  2 kobolds (D:1)
  2 bats (D:1)
  A frilled lizard (D:1)
  7 goblins (D:1)
  5 rats (D:1)
22 creatures vanquished.

Notes
Turn   | Place    | Note
-------+----------+-------------------------------------------
     0 | D:1      | ChaseSP the Draconian Transmuter began the quest for the Orb.
     0 | D:1      | Reached XP level 1. HP: 16/16 MP: 3/3
   150 | D:1      | Reached XP level 2. HP: 9/23 MP: 5/5
   762 | D:1      | Slain by a hound

Action                   || total
-------------------------++-------
Melee: Unarmed           ||   107
       Tailslap          ||    11
       Kick              ||     1
 Cast: Beastly Appendage ||     5
  Use: Scroll            ||     4
Armor: Skin              ||    18
Dodge: Dodged            ||    68
